 Dungeon Crawl Stone Soup version 0.14.1-2-gf595e19 (webtiles) character file.

293 Ascor52 the Skirmisher (level 4, 0/35 HPs)
             Began as a Demonspawn Abyssal Knight on May 15, 2014.
             Was a Follower of Lugonu.
             Killed by divine providence
             ... invoked by an orc priest
              (8 damage)
             ... on Level 5 of the Dungeon.
             The game lasted 00:28:12 (3317 turns).

Ascor52 the Skirmisher (Demonspawn Abyssal Knight)  Turns: 3317, Time: 00:28:13

HP   0/35        AC  8     Str 15      XL: 4   Next: 47%
MP   4/5         EV 12     Int 14      God: Lugonu [*.....]
Gold 193         SH  0     Dex 12      Spells:  0 memorised,  3 levels left

rFire  + + +     SeeInvis .     a - +1 spear
rCold  . . .     Clarity  .     b - +5 robe of Limited Liability {+Fly rF++ Str+2}
rNeg   . . .     Conserve .     (no shield)
rPois  .         rCorr    .     (no helmet)
rElec  .         rRot     .     (no cloak)
SustAb . .       Spirit   .     n - +0 pair of gloves
rMut   .         Warding  .     (no boots)
Saprov . . .     Stasis   .     (no amulet)
MR     .....                    (no ring)
                                (no ring)

@: flying, very slightly contaminated, hasted, very quick, not resistant to
hostile enchantments, unstealthy
A: conserve scrolls, fire resistance 1
a: Depart the Abyss, Renounce Religion, Stop Flying


You were on level 5 of the Dungeon.
You worshipped Lugonu.
Lugonu was aware of your devotion.
You were very hungry.

You visited 1 branch of the dungeon, and saw 5 of its levels.
You visited the Abyss 1 time.

You collected 193 gold pieces.

Inventory:

Hand weapons
 a - a +1,+1 spear (weapon)
Armour
 b - the +5 robe of Limited Liability (worn) {+Fly rF++ Str+2}
   (You found it on level 4 of the Dungeon)

   It affects your strength (+2).
   It greatly protects you from fire.
   It lets you fly.
 m - a +2 leather armour
 n - a +0 pair of gloves (worn)
Comestibles
 c - 2 bread rations
 i - 2 meat rations
Scrolls
 d - 2 scrolls of remove curse {unknown}
 g - a scroll of blinking {unknown}
 l - 2 scrolls of recharging {unknown}
Potions
 e - a potion of berserk rage {unknown}
 f - a potion of brilliance
 j - a potion of magic


   Skills:
 + Level 3.5 Fighting
 + Level 2.5 Polearms
 + Level 2.7 Armour
 + Level 1.9 Dodging
 - Level 2.8 Invocations


You had 3 spell levels left.
You didn't know any spells.

Dungeon Overview and Level Annotations

Branches:
Dungeon (5/15)
 Temple: D:4-7

Altars:
Dithmenos
Nemelex Xobeh

Annotations:
D:3 Grinder, Purgy
D:4 Crazy Yiuf


Innate Abilities, Weirdness & Mutations

You are very good at protecting items from fire.
Your flesh is heat resistant.


Message History

* * * LOW HITPOINT WARNING * * *
You closely miss the kobold. You hit the kobold.
The kobold is moderately wounded.
The kobold closely misses you.
Use which ability? (? or * to list)
You aren't in the Abyss!
Use which ability? (? or * to list)
You feel very buoyant.
You fly up into the air.
You feel somewhat more hungry. The kobold barely misses you.
Found two items.
You are feeling very hungry.
A goblin comes into view.
An orc priest comes into view. It is wielding a trident.
The orc shouts!
The orc priest shouts!
The goblin shouts!
The orc priest invokes the aid of Beogh against you.
Something smites you!
You die...

#..........#
######..........#
........?.......#
........?....o...#
#...K.Ko....#
#...######..#
#...# #.o#
#...######..#
#..@...oo...#
.............<(..#
................#
................#
................#
.......g.......#
..............#
.............#
..........#


You could see an orc priest, an orc, a goblin and a kobold.

Vanquished Creatures
  Ijyb (D:2)
  3 adders
  2 giant geckos (D:1)
  3 ball pythons
  4 giant cockroaches
  7 goblins
  8 hobgoblins
  8 jackals
  5 kobolds
  A quokka (D:3)
  2 bats (D:3)
  2 giant newts
  4 rats
50 creatures vanquished.

Notes
Turn   | Place    | Note
--------------------------------------------------------------
     0 | Abyss:1  | Ascor52, the Demonspawn Abyssal Knight, began the quest for the Orb.
     0 | Abyss:1  | Reached XP level 1. HP: 18/18 MP: 1/1
    10 | D:1      | Escaped the Abyss
    63 | D:1      | Reached skill level 1 in Dodging
   251 | D:1      | Acquired Lugonu's first power
   308 | D:1      | Gained mutation: You are very good at protecting items from fire. [demonic ancestry]
   308 | D:1      | Reached XP level 2. HP: 22/24 MP: 2/2
  1450 | D:2      | Found a sparkling altar of Nemelex Xobeh.
  1532 | D:2      | Noticed Ijyb
  1558 | D:2      | Killed Ijyb
  1558 | D:2      | Gained mutation: Your flesh is heat resistant. [demonic ancestry]
  1558 | D:2      | Reached XP level 3. HP: 22/29 MP: 4/4
  1973 | D:2      | Reached XP level 4. HP: 10/35 MP: 5/5
  2283 | D:3      | Noticed Purgy
  2587 | D:3      | Found a shadowy altar of Dithmenos.
  2939 | D:3      | Noticed Grinder
  3214 | D:4      | Got a thick robe
  3215 | D:4      | Identified the +5 robe of Limited Liability {+Fly rF++ Str+2} (You found it on level 4 of the Dungeon)
  3259 | D:4      | Noticed Crazy Yiuf
  3292 | D:5      | Entered Level 5 of the Dungeon
  3317 | D:5      | Killed from afar by an orc priest

Action                   |  1- 3 |  4- 6 || total
-------------------------+-------+-------++-------
Melee: Spear             |   164 |    76 ||   240
Invok: Depart the Abyss  |     1 |       ||     1
 Abil: Evoke Flight      |       |     1 ||     1
  Use: Scroll            |       |     5 ||     5
       Potion            |       |     2 ||     2
